Map: 2000 Atmospheres LE

Players

Clem

  • Race: Terran Terran

Elazer - Winner!

  • Race: Zerg Zerg

Event: DreamHack SC2 Masters 2021 Winter

VOD

Have the link to the VOD?

Description

Time

  • Played on: Oct. 12, 2021, 10:02 a.m.
  • Length: 20:27

All games in this series

Show
View Real Time Build Order
Export as new Build Order

Clem Terran 

Build Orders: Hellion Opening, Reaper Expand 

Get SALT Encoding   

  12  0:00  SCV  
  13  0:12  SCV  
  14  0:16  Supply Depot  
  14  0:24  SCV  
  15  0:38  SCV  
  15  0:39  Barracks  
  16  0:44  Refinery  
  16  0:50  SCV  
  17  1:02  SCV  
  18  1:14  SCV  
  19  1:26  Reaper, Orbital Command  
  20  1:39  Command Center  
  20  1:46  Supply Depot  
  20  1:52  SCV  
  21  1:58  Marine  
  22  2:04  SCV  
  23  2:08  Factory  
  23  2:16  SCV  
  23  2:21  Barracks Reactor  
  24  2:28  SCV  
  25  2:37  Command Center  
  25  2:46  SCV  
  25  2:51  Orbital Command  
  26  3:00  Starport  
  26  3:03  SCV  
  27  3:07  Refinery  
  27  3:09  Hellion  
  29  3:13  Hellion  
  29  3:16  Barracks Tech Lab  
  29  3:18  SCV  
  33  3:20  SCV  
  33  3:30  Hellion, SCV  
  33  3:32  SCV  
  37  3:34  Hellion  
  39  3:42  SCV  
  39  3:44  SCV  
  41  3:50  Orbital Command  
  41  3:54  Hellion, SCV  
  44  3:56  Hellion, SCV, Raven  
  49  4:06  SCV  
  49  4:07  Supply Depot  
  49  4:08  SCV  
  51  4:13  Barracks Tech Lab  
  51  4:15  Hellion  
  54  4:17  Hellion, SCV  
  54  4:18  SCV  
  54  4:23  SCV  
  56  4:30  Orbital Command  
  56  4:31  SCV  
  58  4:32  Supply Depot  
  58  4:35  SCV  
  58  4:36  Marine  
  58  4:37  Hellion  
  58  4:38  Hellion, Stimpack  
  63  4:43  SCV  
  64  4:47  Starport Reactor  
  64  4:51  Barracks  
  64  4:52  Barracks  
  64  4:53  SCV, Refinery x2  
  64  4:56  Supply Depot  
  64  4:57  Marine  
  64  5:07  SCV  
  64  5:09  SCV  
  64  5:15  Marine  
  64  5:17  Engineering Bay  
  64  5:20  SCV  
  66  5:21  SCV x2, Engineering Bay  
  66  5:24  Supply Depot  
  66  5:25  Factory Reactor  
  66  5:27  Factory Tech Lab  
  68  5:32  SCV  
  68  5:33  SCV, Marine, Barracks  
  68  5:34  Barracks  
  71  5:36  SCV  
  71  5:39  Supply Depot  
  71  5:41  Supply Depot  
  72  5:45  Siege Tank  
  72  5:46  Terran Infantry Weapons Level 1  
  72  5:47  Terran Infantry Armor Level 1  
  72  5:49  Marine x2  
  77  5:51  Marine, Starport Reactor  
  77  5:55  Marine x2  
  77  5:57  SCV x3  
  80  5:59  Supply Depot  
  81  6:04  Supply Depot  
  81  6:09  SCV x3  
  84  6:13  Marine x2  
  84  6:15  Marine  
  84  6:16  Marine x2  
  84  6:17  Combat Shield  
  84  6:18  Siege Tank  
  92  6:21  SCV x2  
  92  6:22  Barracks Reactor x2  
  92  6:23  SCV  
  95  6:25  Refinery  
  95  6:28  Medivac x2  
  95  6:30  Marine  
  95  6:31  Marine  
  95  6:32  Supply Depot  
  101  6:33  SCV x2, Marine x2  
  101  6:35  SCV  
  101  6:37  Marine  
  107  6:41  Factory  
  107  6:45  SCV x2  
  109  6:48  SCV, Marine x2  
  109  6:51  Marine x2  
  109  6:53  Siege Tank  
  117  6:55  Marine  
  117  6:57  SCV  
  117  6:58  Marine x2  
  117  6:59  Supply Depot, Marine x2  
  123  7:05  Armory  
  123  7:06  Marine x2  
  125  7:09  Command Center  
  125  7:13  Marine  
  119  7:17  SCV  
  119  7:19  Marine  
  119  7:20  Marine x3  
  119  7:22  Marine x2  
  120  7:24  Marine  
  120  7:25  Bunker  
  120  7:26  Factory Tech Lab  
  120  7:27  Marine  
  120  7:31  Marine  
  120  7:32  Siege Tank  
  124  7:37  Marine x2  
  124  7:42  Bunker  
  126  7:44  Siege Tank, Marine x4  
  126  7:47  Supply Depot, Marine x2  
  126  7:50  SCV x2  
  126  7:51  Marine  
  137  7:55  Marine x2  
  137  7:57  Terran Infantry Weapons Level 2  
  140  8:01  Terran Infantry Armor Level 2  
  140  8:05  Marine  
  141  8:08  Marine x3  
  141  8:09  Siege Tank  
  141  8:10  Supply Depot  
  141  8:12  Marine  
  142  8:14  Supply Depot  
  142  8:15  Marine x2  
  142  8:18  Siege Tank  
  142  8:19  Marine  
  129  8:23  Medivac  
  129  8:25  Marine x2  
  129  8:26  Marine  
  124  8:28  Marine x2  
  124  8:31  SCV x3  
  124  8:32  Marine x2  
  124  8:33  Command Center, Marine  
  125  8:38  Marine  
  125  8:41  Siege Tank  
  129  8:42  Marine  
  129  8:43  Medivac, SCV, Marine  
  129  8:44  Marine  
  129  8:46  SCV x2  
  137  8:49  Refinery, Marine x2  
  137  8:50  Siege Tank  
  137  8:53  Marine  
  137  8:54  Marine  
  144  8:57  Marine x2  
  144  9:00  Marine  
  144  9:01  Medivac, Marine  
  144  9:02  Marine  
  151  9:04  Terran Vehicle Weapons Level 1  
  151  9:06  Marine  
  151  9:07  Marine  
  153  9:11  SCV x2, Marine  
  153  9:16  Supply Depot  
  156  9:18  Supply Depot  
  156  9:21  Missile Turret  
  156  9:24  Missile Turret  
  156  9:29  Missile Turret  
  156  9:32  Supply Depot  
  156  9:33  Supply Depot  
  155  9:39  Siege Tank, Marine x2  
  155  9:40  Marine  
  155  9:41  Siege Tank  
  155  9:44  Marine x2  
  155  9:45  Marauder  
  154  9:59  Medivac  
  151  10:00  Marine x2  
  151  10:05  Marine x2  
  153  10:07  Marine x2  
  153  10:09  Marine x2  
  153  10:10  Marauder, SCV x2  
  153  10:11  Siege Tank  
  153  10:13  Siege Tank  
  165  10:17  Barracks  
  165  10:18  SCV, Marine  
  165  10:19  Barracks  
  165  10:20  Barracks  
  157  10:32  Planetary Fortress  
  157  10:33  Marauder, Marine  
  160  10:37  Marine x2  
  160  10:38  SCV x2  
  160  10:40  SCV  
  165  10:43  Siege Tank  
  165  10:47  Terran Infantry Weapons Level 3, Sensor Tower  
  165  10:49  Marine x3  
  170  10:51  SCV  
  170  10:52  SCV x2  
  170  10:53  Missile Turret  
  170  10:55  Refinery  
  174  10:58  Refinery  
  174  11:05  Sensor Tower  
  174  11:07  Barracks Tech Lab x2, Concussive Shells  
  174  11:09  Command Center  
  174  11:13  Siege Tank  
  174  11:14  Marine  
  174  11:15  Marauder, Marine  
  174  11:19  SCV x2  
  174  11:20  SCV  
  174  11:24  Siege Tank  
  169  11:32  Marauder x2, Marine x4  
  175  11:36  Ghost Academy  
  175  11:42  Terran Infantry Armor Level 3  
  175  11:44  Marine x3  
  175  11:46  Refinery  
  178  11:47  Marine x2  
  178  11:48  SCV  
  178  11:51  Marauder, Siege Tank, Marine x2  
  178  11:52  Marine x2  
  178  11:53  SCV  
  185  11:56  Missile Turret  
  185  11:57  SCV  
  180  12:04  Marauder x2, Marine x2  
  185  12:11  Command Center  
  185  12:15  Marauder  
  187  12:18  Terran Vehicle Weapons Level 2  
  187  12:22  Ghost  
  189  12:23  Missile Turret  
  189  12:25  Ghost x2  
  186  12:35  Ghost  
  186  12:38  SCV  
  186  12:39  SCV  
  187  12:44  Siege Tank  
  187  12:48  Marine x2  
  187  12:49  Siege Tank  
  187  12:50  Medivac  
  181  12:51  Marauder, Marine x2  
  181  12:52  Marine x2  
  181  12:56  Medivac  
  189  13:01  SCV  
  189  13:03  Command Center  
  184  13:08  Ghost x2  
  184  13:09  Marine x2  
  184  13:12  Marine x3  
  172  13:14  Marine  
  172  13:15  Marine  
  172  13:16  SCV, Marine  
  172  13:17  Marine  
  157  13:20  Ghost  
  157  13:28  Planetary Fortress  
  157  13:30  Marine  
  157  13:32  Refinery  
  157  13:33  Refinery  
  148  13:41  Ghost x2  
  148  13:42  Marine x2  
  148  13:46  Medivac  
  156  13:56  Siege Tank, Marine  
  156  14:00  Siege Tank  
  163  14:07  Command Center  
  163  14:11  Missile Turret  
  163  14:15  Sensor Tower  
  161  14:19  Orbital Command x2  
  161  14:21  SCV  
  161  14:22  SCV x2  
  163  14:28  Siege Tank  
  163  14:33  Siege Tank  
  165  14:39  Marine x3, Terran Vehicle Weapons Level 3  
  165  14:42  Personal Cloaking  
  167  14:49  Ghost  
  167  14:51  Ghost  
  169  14:56  Ghost x2  
  173  15:00  Medivac  
  173  15:01  Marine  
  174  15:09  Siege Tank  
  177  15:14  Missile Turret  
  177  15:18  Ghost  
  177  15:19  Ghost  
  181  15:24  Ghost  
  181  15:25  Ghost  
  181  15:27  Siege Tank  
  178  15:32  Marine  
  178  15:33  Marine  
  132  15:35  Medivac x2  
  180  15:37  Marine x2  
  180  15:41  Marine  
  180  15:42  Marine  
  185  15:44  Marine x2  
  185  15:47  Ghost  
  185  15:48  Marine  
  185  15:49  SCV  
  188  15:50  Siege Tank, Marine x2  
  188  15:53  Ghost  
  188  15:54  Marine  
  188  15:55  Marine  
  193  15:59  Siege Tank  
  193  16:01  Marine x3  
  193  16:02  Marine  
  183  16:05  Ghost, Marine  
  183  16:08  Marine x2  
  183  16:09  Ghost Academy  
  174  16:11  Ghost  
  174  16:14  SCV  
  174  16:15  SCV, Ghost  
  173  16:21  Ghost  
  170  16:27  Marine x2  
  171  16:39  Command Center  
  170  16:44  Ghost  
  170  17:00  SCV  
  165  17:06  SCV  
  149  17:08  Siege Tank  
  149  17:10  Barracks Tech Lab  
  149  17:13  Barracks Tech Lab  
  152  17:17  SCV  
  152  17:20  Starport Reactor  
  147  17:23  Command Center  
  135  17:30  Ghost  
  135  17:35  SCV  
  135  17:36  SCV  
  131  17:37  SCV  
  131  17:39  Ghost  
  131  17:43  Command Center  
  129  17:44  Siege Tank  
  129  17:47  SCV  
  131  17:51  SCV, Barracks Tech Lab  
  131  17:53  Barracks Tech Lab  
  131  17:57  SCV, Ghost Academy, Barracks x2  
  124  17:58  Barracks  
  124  17:59  Ghost  
  124  18:01  SCV  
  124  18:05  SCV  
  124  18:08  Ghost  
  119  18:13  Orbital Command  
  119  18:15  SCV  
  119  18:16  Siege Tank  
  119  18:18  SCV  
  120  18:23  SCV  
  120  18:25  SCV x2  
  116  18:33  Marine  
  110  18:40  SCV  
  107  18:46  SCV  
  100  18:48  Siege Tank  
  100  18:50  Barracks Tech Lab  
  100  18:59  Barracks Tech Lab  
  100  19:00  Ghost  
  101  19:03  Marine  
  101  19:14  SCV  
  101  19:15  SCV  
  101  19:16  Ghost  
  105  19:20  Siege Tank  
  105  19:22  Ghost  
  105  19:33  SCV, Orbital Command  
  105  19:34  SCV  
  105  19:35  SCV  
  105  19:38  SCV  
  95  19:50  Orbital Command  
  90  19:53  Siege Tank  
  90  19:55  SCV  
  80  20:09  SCV  
Show
View Real Time Build Order
Export as new Build Order

Elazer Zerg - Winner!

Build Orders: Hatch First, Lurkers 

Get SALT Encoding   

  12  0:00  Drone  
  13  0:12  Overlord  
  13  0:16  Drone  
  14  0:30  Drone x2  
  16  0:47  Hatchery  
  15  0:50  Drone  
  15  0:54  Drone  
  15  0:57  Drone  
  18  1:07  Extractor  
  17  1:12  Spawning Pool  
  17  1:15  Drone  
  17  1:18  Drone  
  18  1:28  Drone  
  19  1:38  Drone  
  20  1:51  Drone  
  21  1:59  Queen x2  
  21  2:00  Zergling x4  
  27  2:10  Drone  
  27  2:11  Metabolic Boost  
  27  2:12  Overlord  
  28  2:30  Evolution Chamber  
  28  2:34  Drone, Hatchery  
  27  2:39  Drone x3  
  30  2:44  Queen  
  30  2:49  Overlord  
  32  2:53  Drone  
  32  2:58  Drone x2  
  35  3:06  Overlord  
  35  3:08  Drone x3  
  35  3:09  Drone  
  39  3:15  Queen  
  41  3:21  Queen  
  41  3:26  Drone x2  
  45  3:28  Drone x2  
  47  3:36  Drone  
  47  3:38  Overlord  
  47  3:39  Zergling x2  
  47  3:40  Zergling x2  
  50  3:47  Queen  
  50  3:48  Drone x2  
  54  3:51  Drone  
  54  3:53  Queen  
  57  3:57  Drone x4  
  61  4:03  Drone x2  
  61  4:09  Overlord  
  63  4:13  Drone  
  62  4:18  Drone x2  
  62  4:21  Drone x2  
  66  4:27  Queen  
  66  4:29  Drone x6  
  74  4:35  Overlord  
  74  4:37  Lair  
  74  4:40  Extractor  
  74  4:41  Queen, Extractor  
  74  4:45  Overlord  
  74  4:46  Spore Crawler  
  74  4:48  Spore Crawler  
  74  4:50  Zergling x4  
  74  4:52  Overlord  
  74  4:54  Zergling x6  
  74  4:55  Zergling x2  
  74  4:57  Zergling x4  
  80  5:00  Spore Crawler  
  79  5:11  Drone x6, Overlord  
  79  5:14  Drone  
  80  5:23  Drone x5  
  80  5:27  Drone  
  86  5:31  Evolution Chamber  
  86  5:33  Evolution Chamber  
  86  5:34  Extractor x2  
  82  5:36  Overlord  
  82  5:37  Drone x2  
  82  5:39  Extractor  
  82  5:42  Roach Warren  
  82  5:43  Drone  
  82  5:46  Drone  
  82  5:47  Drone x4  
  88  5:51  Evolution Chamber  
  88  5:53  Drone x3  
  91  5:57  Hatchery  
  91  5:58  Overlord  
  91  5:59  Zerg Missile Weapons Level 1, Zerg Ground Armor Level 1  
  91  6:03  Drone x2  
  92  6:06  Overlord  
  92  6:08  Zergling x4  
  94  6:13  Overlord x3  
  94  6:18  Overlord  
  94  6:24  Glial Reconstitution  
  94  6:25  Roach x5  
  104  6:32  Roach x4  
  112  6:43  Roach x3  
  118  6:47  Overlord x2  
  118  6:50  Roach x5  
  128  6:55  Roach  
  128  6:59  Roach  
  128  7:00  Roach x3  
  137  7:05  Overlord x2  
  136  7:10  Roach x2  
  136  7:14  Roach  
  134  7:20  Ravager x2  
  134  7:21  Ravager x2, Roach x7  
  151  7:28  Overlord  
  151  7:32  Roach x6  
  163  7:44  Roach x4  
  171  7:46  Roach  
  171  7:47  Roach x6  
  171  7:49  Ravager x4  
  190  7:51  Ravager  
  190  7:58  Tunneling Claws  
  190  7:59  Drone x7  
  190  8:01  Drone  
  190  8:02  Burrow  
  168  8:26  Roach x10  
  168  8:27  Roach x4  
  165  8:32  Roach x3  
  163  8:38  Extractor x2  
  163  8:41  Roach x6  
  173  8:49  Roach x6  
  173  8:53  Drone x4  
  189  9:01  Ravager  
  190  9:05  Roach x4  
  190  9:06  Overlord  
  190  9:09  Spore Crawler  
  197  9:12  Spore Crawler  
  196  9:19  Roach x14  
  193  9:27  Ravager  
  193  9:28  Infestation Pit  
  193  9:30  Hydralisk Den  
  192  9:32  Roach x3  
  192  9:35  Roach x14  
  148  9:46  Roach x14  
  176  9:59  Roach x5  
  179  10:05  Drone x2, Roach x14  
  173  10:10  Roach x3  
  173  10:14  Drone x6, Hive  
  177  10:15  Grooved Spines  
  177  10:16  Zerg Missile Weapons Level 2, Zerg Ground Armor Level 2  
  177  10:17  Lurker Den  
  176  10:27  Roach x2  
  164  10:31  Roach x2  
  164  10:32  Roach x6  
  162  10:38  Hatchery, Roach x9  
  162  10:40  Overlord  
  162  10:41  Spine Crawler, Roach, Spore Crawler  
  161  10:47  Roach x2  
  161  10:48  Roach x3  
  171  10:52  Infestor x2  
  176  11:00  Roach  
  176  11:01  Roach x7  
  176  11:03  Spine Crawler  
  191  11:04  Spine Crawler  
  191  11:10  Roach x2  
  194  11:18  Roach x5  
  181  11:22  Roach x8  
  181  11:25  Roach  
  176  11:26  Muscular Augments  
  174  11:35  Roach x9  
  174  11:39  Seismic Spines  
  163  12:00  Roach x8  
  177  12:03  Roach x12  
  177  12:07  Roach x12  
  177  12:08  Hydralisk x8  
  179  12:36  Adaptive Talons  
  173  12:41  Lurker x7  
  180  12:48  Roach x9  
  180  12:50  Hatchery  
  177  12:52  Overlord  
  177  12:53  Overlord x2  
  173  13:05  Roach  
  173  13:06  Roach  
  144  13:15  Hydralisk x10  
  144  13:19  Roach x4  
  157  13:20  Roach x8  
  154  13:28  Roach  
  154  13:29  Roach x11  
  166  13:40  Roach x4  
  174  13:47  Roach x4  
  174  13:54  Zerg Missile Weapons Level 3  
  172  13:55  Lurker x2  
  172  13:56  Lurker  
  172  13:57  Overseer  
  174  14:03  Drone x6  
  180  14:14  Extractor  
  180  14:15  Roach x3, Extractor  
  169  14:18  Roach x14  
  169  14:26  Lurker x6  
  169  14:30  Drone x3  
  178  14:34  Spore Crawler  
  178  14:36  Spore Crawler  
  168  14:44  Overseer  
  168  14:45  Pneumatized Carapace  
  166  14:46  Overseer  
  166  14:47  Nydus Network  
  154  15:04  Hydralisk x11  
  173  15:21  Overseer  
  173  15:27  Hydralisk x7  
  179  15:33  Roach x7  
  179  15:35  Roach x6  
  186  15:37  Lurker x2  
  186  15:41  Nydus Canal  
  172  16:03  Hydralisk x8  
  172  16:06  Lurker  
  172  16:07  Lurker  
  172  16:08  Lurker  
  153  16:19  Hatchery  
  148  16:46  Lurker x5  
  148  16:47  Lurker x3  
  133  17:06  Hydralisk  
  133  17:07  Hydralisk x8  
  143  17:14  Drone x3  
  135  17:19  Lurker x2  
  129  17:30  Zergling x16  
  131  17:41  Lurker x2  
  131  17:42  Lurker x3  
  136  17:49  Drone x6  
  138  18:01  Hatchery  
  122  18:10  Hydralisk  
  122  18:11  Hydralisk x7  
  127  18:22  Hydralisk x4  
  122  18:40  Extractor x2  
  117  18:42  Lurker x6  
  117  18:43  Lurker  
  117  18:47  Hatchery  
  117  18:48  Lurker  
  124  18:54  Hydralisk  
  124  18:55  Hydralisk x2  
  127  19:09  Roach x7  
  138  19:13  Drone x2  
  138  19:14  Drone x2  
  142  19:25  Hydralisk x5  
  146  19:39  Hydralisk  
  146  19:40  Hydralisk x5  
  146  19:43  Lurker  
  153  19:58  Roach x10  
  174  20:24  Hatchery  

Tags
 
Add a new tag
Caveats
  • Supply blocks, unpowered buildings, or Contaminate may cause inaccurate times.
  • Supply counts are checked every 10 seconds.